[Event "France Jeunes Belfort 2017"]
[Site "Belfort"]
[Date "2017.04.19"]
[Round "5.3"]
[White "Chachiachvili, Mariam"]
[Black "Bartels, Karina"]
[Result "1/2-1/2"]
[ECO "B40"]
[WhiteElo "1694"]
[BlackElo "1759"]
[PlyCount "156"]
[EventDate "2017.??.??"]
[TimeControl "6000+1025"]
[WhiteClock "0:05:20"]
[BlackClock "0:02:15"]

1. e4 c5 2. Nf3 e6 3. d4 cxd4 4. Nxd4 Bc5 5. Nb3 Bb6 6. Nc3 Ne7 7. Bf4 d5 8.
exd5 exd5 9. Bb5+ Nbc6 10. O-O O-O 11. Na4 Bc7 12. Bxc7 Qxc7 13. Re1 Be6 14.
Nac5 Qb6 15. Qe2 Bf5 16. Bd3 Bxd3 17. Qxd3 Rad8 18. Rad1 Rfe8 19. Na4 Qb4 20.
Nc3 Qc4 21. Qxc4 dxc4 22. Rxd8 Rxd8 23. Na5 Nxa5 24. Rxe7 a6 25. Kf1 Kf8 26.
Re5 Nc6 27. Rc5 Rd2 28. Rxc4 Rxc2 29. b3 Ke8 30. Re4+ Kd7 31. Re3 b5 32. a3 b4
33. axb4 Nxb4 34. Ne4 f6 35. Rc3 Rxc3 36. Nxc3 Kc6 37. Ke2 Kc5 38. Kd2 Nc6 39.
Na2 Ne5 40. f3 a5 41. Kc3 Nc6 42. Nc1 Nb4 43. Ne2 Nd5+ 44. Kb2 Kb4 45. Nd4 Ne3
46. g4 Nf1 47. h3 Ne3 48. Nc6+ Kb5 49. Nd4+ Kb4 50. Nc6+ Kb5 51. Nd4+ Kb6 52.
Ne6 g5 53. Nf8 Nd1+ 54. Kc2 Nf2 55. Nxh7 Nxh3 56. Nxf6 Ng1 57. f4 Nf3 58. f5
Ne5 59. Nd5+ Kc5 60. Nf6 Kd6 61. Ne4+ Kd5 62. Nxg5 Nxg4 63. Kc3 Ke5 64. Nf3+
Kxf5 65. Nd4+ Ke5 66. Nc6+ Kd5 67. Nxa5 Kc5 68. Nb7+ Kb6 69. Nd6 Nf6 70. Kc4
Nd7 71. Nc8+ Kc6 72. Ne7+ Kb6 73. Nd5+ Kc6 74. Nb4+ Kb6 75. Nd3 Nb8 76. b4 Na6
77. b5 Nc7 78. Ne5 Nxb5 1/2-1/2

[Event "France Jeunes Belfort 2017"]
[Site "Belfort"]
[Date "2017.04.19"]
[Round "5.3"]
[White "Cohen Revivo, Shoham"]
[Black "David, Bogdan-Emanuel"]
[Result "1/2-1/2"]
[ECO "B24"]
[WhiteElo "2221"]
[BlackElo "2099"]
[PlyCount "136"]
[EventDate "2017.??.??"]
[TimeControl "6000+700"]
[WhiteClock "0:09:07"]
[BlackClock "0:05:01"]

1. e4 c5 2. Nc3 Nc6 3. Bb5 Nd4 4. Nf3 g6 5. O-O Bg7 6. Nxd4 cxd4 7. Ne2 Qb6 8.
Bc4 d6 9. d3 Nf6 10. a4 a5 11. Ra3 Nd7 12. c3 dxc3 13. Nxc3 O-O 14. Nd5 Qd8 15.
Bg5 Nf6 16. Bxf6 Bxf6 17. Nxf6+ exf6 18. Rb3 Bd7 19. Bb5 Be6 20. Rc3 Qb6 21.
Qf3 Kg7 22. Rfc1 Rac8 23. Qe2 Qd4 24. Kf1 Qe5 25. g3 d5 26. f4 Qd4 27. Qf2
Qxf2+ 28. Kxf2 dxe4 29. Rxc8 Rxc8 30. Rxc8 Bxc8 31. dxe4 Kf8 32. Ke3 Ke7 33.
Kd4 b6 34. Bc4 Be6 35. Bd5 Bd7 36. b3 f5 37. e5 Be6 38. Bc4 Kd7 39. Bb5+ Kc7
40. Kc3 Kb7 41. b4 axb4+ 42. Kxb4 Kc7 43. Be8 Kd8 44. Bc6 Kc7 45. Bf3 Bd7 46.
Bd5 Be6 47. Bf3 Bd7 48. h4 h6 49. h5 Be6 50. Be2 Kc6 51. Bb5+ Kc7 52. hxg6 fxg6
53. Bc4 Bc8 54. Bf7 g5 55. Kc4 Kd8 56. Kb5 Bd7+ 57. Kxb6 Bxa4 58. Be6 Bd7 59.
Bxd7 Kxd7 60. Kc5 Ke6 61. Kd4 g4 62. Ke3 Kd5 63. Kd3 h5 64. Ke3 Ke6 65. Kd4 Ke7
66. Ke3 Ke6 67. Kd4 Ke7 68. Kd3 Ke6 1/2-1/2

[Event "France Jeunes Belfort 2017"]
[Site "Belfort"]
[Date "2017.04.19"]
[Round "5.3"]
[White "Daeschler, Florian"]
[Black "Micottis, Dorian"]
[Result "0-1"]
[ECO "A37"]
[WhiteElo "2124"]
[BlackElo "2249"]
[PlyCount "76"]
[EventDate "2017.??.??"]
[TimeControl "6000+895"]
[WhiteClock "0:02:21"]
[BlackClock "0:19:12"]

1. c4 g6 2. Nc3 c5 3. g3 Bg7 4. Bg2 Nc6 5. Nf3 d6 6. O-O Bf5 7. d3 Qd7 8. Rb1
Bh3 9. a3 h5 10. Nd5 Rc8 11. b4 b6 12. Bb2 Bxb2 13. Rxb2 Bxg2 14. Kxg2 h4 15.
b5 Ne5 16. e4 e6 17. Ne3 f5 18. Nxe5 dxe5 19. exf5 Qb7+ 20. f3 gxf5 21. Qe2 Nf6
22. Nxf5 exf5 23. Qxe5+ Kf7 24. Qxf5 hxg3 25. hxg3 Rce8 26. Qf4 Qd7 27. g4 Qd4
28. Qxd4 cxd4 29. a4 Re3 30. Rd2 Nd7 31. a5 Nc5 32. axb6 axb6 33. Kg3 Kg6 34.
Rff2 Rf8 35. Kg2 Kg5 36. Rde2 Nxd3 37. Rxe3 dxe3 38. Ra2 e2 0-1

[Event "France Jeunes Belfort 2017"]
[Site "Belfort"]
[Date "2017.04.19"]
[Round "5.3"]
[White "Gospodaru, Teodora"]
[Black "De Talance, Berenice"]
[Result "1/2-1/2"]
[ECO "A04"]
[WhiteElo "1827"]
[BlackElo "1757"]
[PlyCount "90"]
[EventDate "2017.??.??"]
[TimeControl "6000+1405"]
[WhiteClock "0:00:42"]
[BlackClock "0:02:07"]

1. Nf3 c5 2. b3 d5 3. Bb2 Nf6 4. g3 Nc6 5. Bg2 e6 6. d4 Bd6 7. O-O O-O 8. c4
dxc4 9. dxc5 Bxc5 10. Qc2 Be7 11. Qxc4 Nd5 12. Rd1 Qb6 13. e4 Nf6 14. Nbd2 Bd7
15. Qe2 a5 16. Nc4 Qc7 17. Rac1 Rfd8 18. Nfe5 Be8 19. Nxc6 Rxd1+ 20. Rxd1 bxc6
21. Be5 Qa7 22. Bxf6 Bxf6 23. Nd6 Qc5 24. Qc4 Qb6 25. Rc1 Bd7 26. Qc5 Qxc5 27.
Rxc5 Bd4 28. Rc2 e5 29. Kf1 c5 30. Nb7 a4 31. Nxc5 Rc8 32. b4 Bb5+ 33. Kg1 f6
34. Bh3 Rc7 35. Be6+ Kf8 36. Bf5 Kf7 37. Bg4 Ke7 38. Bf5 g6 39. Bh3 Kd6 40. Rd2
Ke7 41. Rc2 Kd6 42. Rd2 Ke7 43. Rc2 Kd6 44. Rd2 Ke7 45. Ne6 Rc6 1/2-1/2

[Event "France Jeunes Belfort 2017"]
[Site "Belfort"]
[Date "2017.04.19"]
[Round "5.3"]
[White "Laurent-Paoli, Pierre"]
[Black "Mohammad, Fahim"]
[Result "1/2-1/2"]
[ECO "D25"]
[WhiteElo "2298"]
[BlackElo "2281"]
[PlyCount "128"]
[EventDate "2017.??.??"]
[TimeControl "6000+1465"]
[WhiteClock "0:02:29"]
[BlackClock "0:00:46"]

1. d4 d5 2. c4 dxc4 3. Nf3 Nf6 4. e3 Bg4 5. Bxc4 e6 6. Nc3 Nc6 7. h3 Bh5 8. Be2
Bd6 9. O-O O-O 10. b3 a6 11. Bb2 Qe7 12. Rc1 Rad8 13. Ne5 Nxe5 14. Bxh5 Ned7
15. Bf3 c6 16. Qc2 e5 17. Ne4 Nxe4 18. Bxe4 Nf6 19. dxe5 Bxe5 20. Bxe5 Qxe5 21.
Bf3 Rd6 22. Rfd1 Rfd8 23. Rxd6 Rxd6 24. b4 h6 25. a4 Ne8 26. Qa2 Nc7 27. Rc5
Qe6 28. Qc2 Qd7 29. Bg4 Qd8 30. Rc4 Rd2 31. Qf5 Ne8 32. Rc1 Rd5 33. Qf4 Qd6 34.
Qc4 Nc7 35. Bf3 Rd2 36. Qc3 g6 37. Rb1 h5 38. Qc5 Ne6 39. Qa5 Kh7 40. h4 Qc7
41. Qxc7 Nxc7 42. Kf1 Kg7 43. g4 hxg4 44. Bxg4 f5 45. Bf3 Kf6 46. Be2 Nd5 47.
Rb3 Ra2 48. b5 Rxa4 49. bxc6 bxc6 50. h5 Ra1+ 51. Kg2 gxh5 52. Bxh5 a5 53. Bf3
a4 54. Rb8 a3 55. Bxd5 cxd5 56. Ra8 Ke5 57. Kf3 Kd6 58. Ra5 Ra2 59. Kg3 Ke6 60.
Ra6+ Ke5 61. Kf3 Ra1 62. Ra5 Ra2 63. Ra6 Ra1 64. Ra5 Ra2 {Ke4+} 1/2-1/2

[Event "France Jeunes Belfort 2017"]
[Site "Belfort"]
[Date "2017.04.19"]
[Round "5.3"]
[White "Lomandong, Noela-Joyce"]
[Black "Romas, Lionia"]
[Result "1-0"]
[ECO "D43"]
[WhiteElo "1987"]
[BlackElo "1655"]
[PlyCount "59"]
[EventDate "2017.??.??"]
[TimeControl "6000+1170"]
[WhiteClock "0:33:25"]
[BlackClock "0:01:38"]

1. d4 Nf6 2. Nf3 d5 3. c4 c6 4. Nc3 e6 5. g3 Be7 6. Bg2 O-O 7. O-O Nbd7 8. Qc2
Re8 9. Rd1 Nb6 10. c5 Nbd7 11. b4 b6 12. Rb1 bxc5 13. bxc5 Qc7 14. Bf4 Qa5 15.
Bd2 Qc7 16. Bf4 Qa5 17. e4 Ba6 18. Bd2 dxe4 19. Nxe4 Qc7 20. Bf4 Qa5 21. Ne5
Bb5 22. Nxc6 Bxc6 23. Nxf6+ Bxf6 24. Bxc6 Rad8 25. Qa4 Qxa4 26. Bxa4 e5 27.
dxe5 Nxe5 28. Bxe8 Rxe8 29. Bxe5 Bxe5 30. Re1 1-0

[Event "France Jeunes Belfort 2017"]
[Site "Belfort"]
[Date "2017.04.19"]
[Round "5.3"]
[White "Papadiamandis, Elliot"]
[Black "Droin, Augustin"]
[Result "1-0"]
[ECO "B90"]
[WhiteElo "1944"]
[BlackElo "1738"]
[PlyCount "53"]
[EventDate "2017.??.??"]
[TimeControl "6000+480"]
[WhiteClock "0:57:36"]
[BlackClock "1:02:08"]

1. e4 c5 2. Nf3 d6 3. d4 cxd4 4. Nxd4 Nf6 5. Nc3 a6 6. f3 Nbd7 7. Be3 Qc7 8.
Qd2 e6 9. g4 h6 10. O-O-O Be7 11. h4 b5 12. Bh3 Nc5 13. g5 Ng8 14. g6 Nf6 15.
gxf7+ Kxf7 16. Rhg1 Qd8 17. b4 Nb7 18. Bxe6+ Kf8 19. Qg2 Nh5 20. Qg4 Qe8 21.
Nd5 Bd8 22. Bxc8 Qf7 23. Bxb7 Nf6 24. Ne6+ Ke8 25. Bc6+ Nd7 26. Nxg7+ Kf8 27.
Bxd7 1-0

[Event "France Jeunes Belfort 2017"]
[Site "Belfort"]
[Date "2017.04.19"]
[Round "5.3"]
[White "Trouve, Guillaume"]
[Black "Viel, Simon"]
[Result "0-1"]
[ECO "C12"]
[WhiteElo "2134"]
[BlackElo "2220"]
[PlyCount "122"]
[EventDate "2017.??.??"]
[TimeControl "6000+1520"]
[WhiteClock "0:04:01"]
[BlackClock "0:06:30"]

1. e4 e6 2. d4 d5 3. Nc3 Nf6 4. Bg5 Bb4 5. exd5 Qxd5 6. Nf3 Nbd7 7. Bd3 Ne4 8.
Bd2 Bxc3 9. bxc3 Nxd2 10. Qxd2 b6 11. c4 Qh5 12. Qf4 Bb7 13. Qxc7 Bxf3 14. gxf3
Qxf3 15. Rg1 Ke7 16. c5 bxc5 17. dxc5 Qd5 18. Qd6+ Qxd6 19. cxd6+ Kf6 20. Bb5
Rhd8 21. O-O-O Rab8 22. a4 Rb6 23. Rg3 Ne5 24. Rd4 Rbxd6 25. Rf4+ Ke7 26. Rxg7
Rd1+ 27. Kb2 Rb8 28. Kc3 Rc8+ 29. Kb3 Rb1+ 30. Ka2 Rh1 31. Rxh7 Rxc2+ 32. Kb3
Rhc1 33. Rh5 Rc3+ 34. Kb4 Nc6+ 35. Bxc6 Rxc6 36. Rb5 Rb1+ 37. Ka5 Rxb5+ 38.
axb5 Rc2 39. h4 f5 40. h5 Kf6 41. h6 Kg6 42. Rh4 Kh7 43. f4 Rc4 44. Ka6 Ra4+
45. Kb7 e5 46. Rh5 Rxf4 47. Kxa7 e4 48. b6 e3 49. b7 e2 50. Rh1 Ra4+ 51. Kb6
Rb4+ 52. Kc7 f4 53. b8=Q Rxb8 54. Kxb8 f3 55. Re1 Kxh6 56. Kc7 Kg5 57. Kd6 Kf4
58. Kd5 Ke3 59. Rh1 f2 60. Rh3+ Kd2 61. Kd4 e1=Q 0-1

[Event "France Jeunes Belfort 2017"]
[Site "Belfort"]
[Date "2017.04.19"]
[Round "5.4"]
[White "Auvray, Honorine"]
[Black "Dudognon, Thibault"]
[Result "0-1"]
[ECO "D00"]
[WhiteElo "1953"]
[BlackElo "2218"]
[PlyCount "116"]
[EventDate "2017.??.??"]
[TimeControl "6000+1145"]
[WhiteClock "0:02:55"]
[BlackClock "0:07:59"]

1. d4 d5 2. Bf4 c5 3. e3 Nf6 4. c3 Nc6 5. Nd2 cxd4 6. exd4 Bf5 7. Ngf3 e6 8.
Be2 Bd6 9. Bg3 h6 10. O-O Bxg3 11. hxg3 O-O 12. Ne5 Nxe5 13. dxe5 Nd7 14. Nf3
Qb6 15. b3 Be4 16. Re1 Rac8 17. Rc1 Qa5 18. Qd2 Rfd8 19. Bf1 a6 20. Nd4 b5 21.
f3 Bh7 22. f4 Qb6 23. b4 Qa7 24. Qf2 Rc7 25. g4 Rdc8 26. Qe3 Be4 27. Be2 Nb6
28. Bf3 Bxf3 29. Nxf3 Na4 30. Qxa7 Rxa7 31. f5 Nxc3 32. Nd4 Rac7 33. fxe6 fxe6
34. Kh2 Nxa2 35. Rxc7 Rxc7 36. Nxe6 Re7 37. Nd4 Nxb4 38. e6 g6 39. Kg3 Kg7 40.
Re3 Re8 41. Rf3 Re7 42. Re3 Kf6 43. Kf4 a5 44. Kg3 a4 45. Nxb5 Rxe6 46. Ra3 Ra6
47. Nc3 d4 48. Ne4+ Ke5 49. Nc5 Ra5 50. Rxa4 Rxa4 51. Nxa4 Ke4 52. Nc5+ Ke3 53.
g5 h5 54. Nb3 d3 55. Kh4 d2 56. Nxd2 Kxd2 57. g4 hxg4 58. Kxg4 Ke3 0-1

[Event "France Jeunes Belfort 2017"]
[Site "Belfort"]
[Date "2017.04.19"]
[Round "5.4"]
[White "Bellahcene, Meriem"]
[Black "Boulart, Emilie"]
[Result "1/2-1/2"]
[ECO "B30"]
[WhiteElo "1919"]
[BlackElo "1636"]
[PlyCount "157"]
[EventDate "2017.??.??"]
[TimeControl "6000+1290"]
[WhiteClock "0:00:51"]
[BlackClock "0:03:39"]

1. e4 c5 2. Nf3 Nc6 3. Bb5 Qb6 4. Bxc6 Qxc6 5. d3 g6 6. O-O Bg7 7. Nc3 d6 8. h3
Nf6 9. Re1 O-O 10. Bf4 b5 11. a3 a5 12. d4 b4 13. d5 Qb6 14. axb4 cxb4 15. Na4
Qc7 16. Nd4 Nd7 17. c3 bxc3 18. Nxc3 Ne5 19. Qc2 Bd7 20. Rec1 Rfc8 21. Qe2 Qb6
22. Be3 Nc4 23. Nc6 Nxe3 24. Nxe7+ Kf8 25. Nxc8 Rxc8 26. fxe3 Qb4 27. Qa6 Be5
28. Qe2 Kg7 29. Nd1 Rxc1 30. Rxc1 Qxe4 31. Qc4 Qf5 32. Nc3 Qg5 33. Qe4 Bxh3 34.
Qf3 Bxg2 35. Ne4 Bxf3+ 36. Nxg5 Bxd5 37. Ra1 Bxb2 38. Rxa5 Bc4 39. Ra7 h6 40.
Ne4 Be5 41. Re7 Bd5 42. Nf2 h5 43. e4 Be6 44. Kg2 g5 45. Ra7 Kg6 46. Ra3 h4 47.
Rd3 g4 48. Nh1 f5 49. exf5+ Bxf5 50. Ra3 Be4+ 51. Kg1 Bd4+ 52. Kh2 g3+ 53. Nxg3
hxg3+ 54. Kxg3 Be5+ 55. Kf2 Kf5 56. Ke3 d5 57. Kd2 Kf4 58. Ra8 d4 59. Rf8+ Bf5
60. Rf7 Ke4 61. Rf8 Bf4+ 62. Ke1 Bg4 63. Rd8 Kd3 64. Rg8 Bf3 65. Rf8 Ke3 66.
Re8+ Be4 67. Rd8 Kd3 68. Rd7 Bd2+ 69. Kf2 Be3+ 70. Ke1 Bf3 71. Rd8 Be2 72. Re8
Bd2+ 73. Kf2 Bd1 74. Rc8 Bc3 75. Rd8 Kd2 76. Kg3 d3 77. Kf4 Be2 78. Ke4 Ke1 79.
Rxd3 1/2-1/2

[Event "France Jeunes Belfort 2017"]
[Site "Belfort"]
[Date "2017.04.19"]
[Round "5.4"]
[White "Bellahcene, Sofia"]
[Black "David, Marie"]
[Result "1-0"]
[ECO "B13"]
[WhiteElo "1699"]
[BlackElo "1290"]
[PlyCount "61"]
[EventDate "2017.??.??"]
[TimeControl "6000+940"]
[WhiteClock "0:26:23"]
[BlackClock "0:31:32"]

1. e4 c6 2. d4 d5 3. exd5 cxd5 4. Bd3 Nc6 5. c3 g6 6. Bf4 Bg7 7. Nf3 Nh6 8. h3
f6 9. Na3 a6 10. Nc2 Nf7 11. c4 e5 12. dxe5 fxe5 13. cxd5 Qxd5 14. Bh2 e4 15.
Qe2 O-O 16. Bxe4 Qa5+ 17. Nd2 Bxb2 18. O-O Bxa1 19. Rxa1 Re8 20. f3 Bf5 21. Qf2
Bxe4 22. Nxe4 Qd8 23. Re1 Nfe5 24. Qe3 Kg7 25. f4 Nf7 26. Qc3+ Kg8 27. Nf6+ Kg7
28. Nxe8+ Kh6 29. Qg7+ Kh5 30. g4+ Kh4 31. Qxh7+ 1-0

[Event "France Jeunes Belfort 2017"]
[Site "Belfort"]
[Date "2017.04.19"]
[Round "5.4"]
[White "Boyer, Mahel"]
[Black "Harutyunyan, Ruben"]
[Result "0-1"]
[ECO "A40"]
[WhiteElo "2020"]
[BlackElo "2218"]
[PlyCount "68"]
[EventDate "2017.??.??"]
[TimeControl "6000+1450"]
[WhiteClock "0:06:18"]
[BlackClock "0:04:19"]

1. d4 g6 2. Nf3 Bg7 3. e3 d6 4. Be2 Nd7 5. O-O Ngf6 6. a4 O-O 7. a5 a6 8. c4 e5
9. Nc3 Re8 10. b4 e4 11. Nd2 Nf8 12. b5 h5 13. Ba3 N8h7 14. c5 d5 15. Nb3 c6
16. Na2 axb5 17. Nb4 Qc7 18. h3 Ng5 19. Kh1 Qd7 20. a6 bxa6 21. Na5 Qc7 22. Bc1
Bd7 23. Bd2 Qc8 24. f4 exf3 25. Bxf3 Nfe4 26. Be1 Re6 27. Bh4 Qe8 28. Nb7 Nxf3
29. gxf3 Nc3 30. Qd2 Rxe3 31. Bg5 Re2 32. Qxc3 Qe6 33. f4 Re3 34. f5 Qe4+ 0-1

[Event "France Jeunes Belfort 2017"]
[Site "Belfort"]
[Date "2017.04.19"]
[Round "5.4"]
[White "Flick, Antoine"]
[Black "Seignat, Florian"]
[Result "1-0"]
[ECO "D02"]
[WhiteElo "2327"]
[BlackElo "2049"]
[PlyCount "191"]
[EventDate "2017.??.??"]
[TimeControl "6000+820"]
[WhiteClock "0:04:52"]
[BlackClock "0:02:25"]

1. d4 d5 2. Nf3 Nf6 3. c4 c6 4. Qc2 e6 5. g3 Nbd7 6. Bg2 Bd6 7. O-O O-O 8. Nbd2
Re8 9. Rd1 Qe7 10. e4 dxe4 11. Nxe4 Nxe4 12. Qxe4 e5 13. Bg5 f6 14. Be3 exd4
15. Qxe7 Bxe7 16. Nxd4 Ne5 17. Rac1 Bc5 18. h3 Kf7 19. Kf1 Be6 20. b3 Bxd4 21.
Rxd4 Rad8 22. Rxd8 Rxd8 23. f4 Nd7 24. Rc2 a5 25. Ke2 Ke7 26. g4 h5 27. Kf3
hxg4+ 28. hxg4 g5 29. fxg5 Ne5+ 30. Kf4 Nxg4 31. gxf6+ Kxf6 32. Bb6 Rd3 33. Be4
Rd1 34. Bxa5 Rf1+ 35. Kg3 Ne3 36. Bc3+ Ke7 37. Re2 Nf5+ 38. Kg2 Rf4 39. Be5
Rg4+ 40. Kf3 Nh4+ 41. Kf2 Ng6 42. Bg3 Nf4 43. Re1 Nh3+ 44. Kg2 Kd7 45. Bc2 Rd4
46. Rd1 Rxd1 47. Bxd1 Ng5 48. Bc2 Bf7 49. Kf2 Ne6 50. Ke3 Bh5 51. Bf5 Bf7 52.
Kd3 Kc8 53. Kc3 b6 54. Bf2 Kb7 55. Be3 Nc7 56. Be4 Ne8 57. Bf4 Nf6 58. Bf3 Be8
59. Be5 Nd7 60. Bg7 Kc7 61. Be4 Bf7 62. Bf5 Nc5 63. Bd4 Ne6 64. Be3 Nd8 65. Bg5
Ne6 66. Bf6 Nc5 67. Kd4 Ne6+ 68. Ke5 Nc5 69. Bh4 Nd7+ 70. Ke4 Nc5+ 71. Kd4 Ne6+
72. Ke5 Nc5 73. Kf6 Bh5 74. Ke7 Bf3 75. Bg3+ Kb7 76. Kd8 Be4 77. Bc8+ Ka7 78.
b4 Na6 79. Bd6 c5 80. a3 cxb4 81. axb4 Bd3 82. b5 Nb8 83. Be6 Be4 84. Kc7 Bf3
85. Kc8 Bb7+ 86. Kd8 Be4 87. Kc7 Bf3 88. Bc8 Be4 89. c5 Ka8 90. cxb6 Nd7 91.
b7+ Bxb7 92. Bxb7+ Ka7 93. Kxd7 Kxb7 94. Bc5 Ka8 95. Kc6 Kb8 96. b6 1-0

[Event "France Jeunes Belfort 2017"]
[Site "Belfort"]
[Date "2017.04.19"]
[Round "5.4"]
[White "Gao, Etienne"]
[Black "Coiffait, Pierre-Basile"]
[Result "1/2-1/2"]
[ECO "C48"]
[WhiteElo "2017"]
[BlackElo "2193"]
[PlyCount "130"]
[EventDate "2017.??.??"]
[TimeControl "6000+1030"]
[WhiteClock "0:06:36"]
[BlackClock "0:00:37"]

1. e4 e5 2. Nf3 Nc6 3. Nc3 Nf6 4. Bb5 Bd6 5. d3 O-O 6. O-O Re8 7. Bg5 a6 8. Bc4
h6 9. Bxf6 Qxf6 10. Nd5 Qd8 11. a4 Bc5 12. c3 d6 13. h3 Ba7 14. Re1 Ne7 15. Ne3
Ng6 16. Qb3 Rf8 17. d4 c6 18. dxe5 dxe5 19. a5 Qf6 20. Nf5 Nf4 21. Qc2 Be6 22.
Bf1 g6 23. Nxh6+ Kg7 24. Ng4 Nxh3+ 25. gxh3 Bxg4 26. hxg4 Qxf3 27. Qe2 Qf4 28.
Bg2 Rh8 29. Qf3 Qxf3 30. Bxf3 Rh3 31. Kg2 Rah8 32. Rh1 Rxh1 33. Rxh1 Rxh1 34.
Kxh1 Bxf2 35. g5 Be3 36. Bg4 b6 37. axb6 Bxb6 38. Bd7 c5 39. Kg2 Bd8 40. b4 a5
41. bxa5 Bxa5 42. c4 Bd2 43. Kf3 Bxg5 44. Kg4 Bd2 45. Bc8 Kf6 46. Bd7 Ke7 47.
Bc8 Kd8 48. Bb7 Kd7 49. Bd5 Ke7 50. Bb7 Be3 51. Bd5 f6 52. Bb7 Bf4 53. Bd5 Ke8
54. Bb7 Kd7 55. Bd5 Kc7 56. Bf7 g5 57. Be6 Kb6 58. Kf5 Ka5 59. Kxf6 Kb4 60. Kf5
Kc3 61. Kg4 Kd3 62. Bd5 Ke3 63. Bc6 Kd4 64. Bd5 Kd3 65. Kf3 Kd4 1/2-1/2

[Event "France Jeunes Belfort 2017"]
[Site "Belfort"]
[Date "2017.04.19"]
[Round "5.4"]
[White "Mars, Fiona"]
[Black "Fretel, Liza"]
[Result "0-1"]
[ECO "A05"]
[WhiteElo "1799"]
[BlackElo "1801"]
[PlyCount "84"]
[EventDate "2017.??.??"]
[TimeControl "6000+2055"]
[WhiteClock "0:00:41"]
[BlackClock "0:06:13"]

1. Nf3 Nf6 2. e3 g6 3. d4 c5 4. Be2 Bg7 5. O-O O-O 6. b3 cxd4 7. exd4 b6 8. Bb2
Ba6 9. Nbd2 d5 10. Re1 Re8 11. Ne5 Bxe2 12. Qxe2 e6 13. Ndf3 Ne4 14. c4 f6 15.
cxd5 exd5 16. Nd3 Nc6 17. Qd1 Rc8 18. Rc1 Qd7 19. Rc2 g5 20. Rce2 Nd6 21. Rxe8+
Rxe8 22. Rxe8+ Qxe8 23. Ba3 Nb5 24. Bb2 Qe4 25. Nde1 g4 26. Nd2 Qf4 27. g3 Qf5
28. Nc2 Qd3 29. Ne1 Qg6 30. Nc2 f5 31. Nf1 Qe6 32. Qd3 Nd6 33. Nd2 Bh6 34. Qc3
Ne7 35. Ne3 f4 36. Ng2 f3 37. Ne3 Ne4 38. Nxe4 Qxe4 39. Qc1 Qe6 40. Qc3 Qg6 41.
Qc2 Qh5 42. Bc1 Qh3 0-1

[Event "France Jeunes Belfort 2017"]
[Site "Belfort"]
[Date "2017.04.19"]
[Round "5.4"]
[White "Maugenest, Ghislain"]
[Black "Lamaze, Simon"]
[Result "1/2-1/2"]
[ECO "D61"]
[WhiteElo "1915"]
[BlackElo "1682"]
[PlyCount "62"]
[EventDate "2017.??.??"]
[TimeControl "6000+785"]
[WhiteClock "0:39:02"]
[BlackClock "0:52:03"]

1. d4 Nf6 2. c4 e6 3. Nf3 d5 4. Bg5 Be7 5. e3 Nbd7 6. Nc3 O-O 7. Qc2 a6 8. cxd5
exd5 9. Bd3 Re8 10. O-O Nf8 11. Rfc1 c6 12. Rab1 Ng6 13. b4 Bd6 14. Bxf6 Qxf6
15. Ne2 Bg4 16. Ne1 Qg5 17. Ng3 Bxg3 18. hxg3 h5 19. Nf3 Qf6 20. Bxg6 fxg6 21.
Ne5 Bf5 22. Nd3 h4 23. gxh4 Qxh4 24. Qd2 Kf7 25. Rb3 Rh8 26. f3 Qh2+ 27. Kf2
Qh4+ 28. Kg1 Qh2+ 29. Kf2 Qh4+ 30. Kg1 Qh2+ 31. Kf2 Qh4+ 1/2-1/2

[Event "France Jeunes Belfort 2017"]
[Site "Belfort"]
[Date "2017.04.19"]
[Round "5.4"]
[White "Randrianarimanana, Alicia"]
[Black "Sabiani, Chjara"]
[Result "1/2-1/2"]
[ECO "E99"]
[WhiteElo "1636"]
[BlackElo "1781"]
[PlyCount "75"]
[EventDate "2017.??.??"]
[TimeControl "6000+1000"]
[WhiteClock "0:02:31"]
[BlackClock "0:07:59"]

1. d4 Nf6 2. c4 g6 3. Nc3 Bg7 4. e4 O-O 5. Nf3 d6 6. Be2 e5 7. O-O Nc6 8. d5
Ne7 9. Ne1 Nd7 10. f3 f5 11. g4 fxg4 12. fxg4 Rxf1+ 13. Kxf1 Qf8+ 14. Kg2 a6
15. Be3 h6 16. Nd3 Nf6 17. b4 Bd7 18. c5 Qc8 19. Nf2 g5 20. Rc1 dxc5 21. bxc5
Ng6 22. Kg3 Qe8 23. Qb3 Nf4 24. Qxb7 Rb8 25. Qxc7 h5 26. h3 Rb2 27. Bxf4 exf4+
28. Kf3 hxg4+ 29. hxg4 Bxg4+ 30. Nxg4 Nxg4 31. Kxg4 Bxc3 32. Bf3 Rh2 33. Kxg5
Rh7 34. Qd6 Rg7+ 35. Kh4 Rh7+ 36. Kg5 Rg7+ 37. Kh4 Rh7+ 38. Kg5 1/2-1/2

[Event "France Jeunes Belfort 2017"]
[Site "Belfort"]
[Date "2017.04.19"]
[Round "5.5"]
[White "Bouvet, Florian"]
[Black "Jrade, Willis"]
[Result "1/2-1/2"]
[ECO "B28"]
[WhiteElo "2183"]
[BlackElo "2113"]
[PlyCount "129"]
[EventDate "2017.??.??"]
[TimeControl "6000+630"]
[WhiteClock "0:05:12"]
[BlackClock "0:02:47"]

1. e4 c5 2. Nf3 a6 3. g3 d6 4. Bg2 Nc6 5. d4 Bg4 6. d5 Ne5 7. Nbd2 Nf6 8. h3
Nxf3+ 9. Nxf3 Bxf3 10. Qxf3 g6 11. O-O Bg7 12. a4 O-O 13. a5 b5 14. axb6 Qxb6
15. Ra2 a5 16. Qe2 Ra7 17. f4 Nd7 18. Kh2 a4 19. Rf3 Rfa8 20. Bf1 Qc7 21. Rfa3
e6 22. dxe6 fxe6 23. Qg4 Nf8 24. Bc4 Qe7 25. b3 h5 26. Qf3 axb3 27. Qxb3 Rxa3
28. Rxa3 Rxa3 29. Bxa3 Kh7 30. Qf3 Qf6 31. e5 dxe5 32. Bxc5 exf4 33. Qxf4 Qc3
34. Qe4 Nd7 35. Be3 Nf6 36. Qd3 Qe5 37. Bf4 Qc5 38. Be3 Qe5 39. Qe2 Qd6 40. Bd3
e5 41. c4 h4 42. Bf2 hxg3+ 43. Bxg3 Qd4 44. Bc2 e4 45. c5 Qxc5 46. Bxe4 Nh5 47.
Bd3 Qg5 48. Qg4 Qd2+ 49. Qe2 Qg5 50. Qg4 Qd2+ 51. Qe2 Qg5 52. Qg4 Qh6 53. Bd6
Qd2+ 54. Qe2 Qg5 55. Bc7 Nf4 56. Bxf4 Qxf4+ 57. Kg2 Kh6 58. Qe4 Qg5+ 59. Qg4
Qd2+ 60. Qe2 Qf4 61. Qe4 Qxe4+ 62. Bxe4 g5 63. Bf5 Kh5 64. Be6 Kh4 65. Bf5
1/2-1/2

[Event "France Jeunes Belfort 2017"]
[Site "Belfort"]
[Date "2017.04.19"]
[Round "5.6"]
[White "Kern, Nicolas"]
[Black "Caloone, Thomas"]
[Result "1/2-1/2"]
[ECO "A41"]
[WhiteElo "2085"]
[BlackElo "2149"]
[PlyCount "128"]
[EventDate "2017.??.??"]
[TimeControl "6000+860"]
[WhiteClock "0:03:05"]
[BlackClock "0:02:31"]

1. d4 d6 2. c4 e5 3. dxe5 dxe5 4. Qxd8+ Kxd8 5. Nc3 Bb4 6. Bd2 Be6 7. a3 Bxc3
8. Bxc3 f6 9. e3 Nd7 10. Nf3 Ke8 11. Be2 Ne7 12. Nd2 Kf7 13. Bf3 Rab8 14. O-O
Nc5 15. Rac1 Rhd8 16. Rfd1 Rd7 17. b4 Na4 18. Ba1 Rd3 19. Nb1 Rxd1+ 20. Bxd1
Nb6 21. Be2 c5 22. Kf1 Nc6 23. bxc5 Na4 24. Bc3 Nxc5 25. Rd1 Na4 26. Ke1 Rc8
27. Bf3 Nb6 28. Bd5 Nxc4 29. Bxc4 Bxc4 30. Rd7+ Ke6 31. Rxb7 Nd8 32. Rb2 Bd3
33. Kd2 Bf1 34. g3 Bg2 35. Ke2 Be4 36. Bd2 Rc2 37. Rb4 Bg6 38. Nc3 Nc6 39. Rc4
Na5 40. Rb4 Nc6 41. Rc4 Kd7 42. Rc5 Rb2 43. Rb5 Rxb5 44. Nxb5 a6 45. Nc3 Kd6
46. Na4 Kd5 47. Nb2 Kc5 48. f3 Bc2 49. Bc3 Kb5 50. Kd2 Bb3 51. Kd3 a5 52. f4
exf4 53. exf4 Ne7 54. Bd4 Nc6 55. Bc3 Nd8 56. g4 Ne6 57. Ke4 Nc5+ 58. Ke3 Ne6
59. h4 Bc2 60. Kd2 Bb3 61. Ke3 Bc2 62. Kd2 Bb3 63. Ke3 Bc2 64. Kd2 Bb1 1/2-1/2

[Event "France Jeunes Belfort 2017"]
[Site "Belfort"]
[Date "2017.04.20"]
[Round "6.1"]
[White "Aubert, Estee"]
[Black "Rubsamen, Anais"]
[Result "0-1"]
[ECO "B00"]
[WhiteElo "1741"]
[BlackElo "1610"]
[PlyCount "134"]
[EventDate "2017.??.??"]
[TimeControl "6000+845"]
[WhiteClock "0:00:56"]
[BlackClock "0:00:43"]

1. e4 b6 2. Nf3 Bb7 3. d3 e6 4. Nbd2 Be7 5. g3 c5 6. Bg2 Nf6 7. O-O O-O 8. Re1
Nc6 9. c3 d5 10. e5 Nd7 11. Nf1 Qc7 12. d4 b5 13. Bf4 b4 14. Qc2 Rac8 15. Rec1
Qb6 16. Qd1 a5 17. Rab1 Rc7 18. Ne3 Rfc8 19. Nc2 Ba6 20. a3 b3 21. Nce1 cxd4
22. cxd4 a4 23. Be3 Qb5 24. Nd2 Na5 25. Rxc7 Rxc7 26. Bf1 Qb6 27. Bxa6 Qxa6 28.
Rc1 Rxc1 29. Qxc1 Nc4 30. Nxc4 Qxc4 31. Qd2 Bd8 32. Nd3 Bb6 33. Nc1 Nb8 34. Ne2
Nc6 35. Kf1 Kf8 36. Kg2 Qc2 37. Qc3 Qe4+ 38. f3 Qc2 39. Bd2 Ba5 40. Qxc2 bxc2
41. Bc1 Bb6 42. Kf1 Nxd4 43. Nxd4 Bxd4 44. f4 f6 45. exf6 gxf6 46. Ke2 Ke7 47.
Kd2 Bg1 48. h3 Bh2 49. Kxc2 Bxg3 50. Bd2 Kd6 51. Kd3 h5 52. Bb4+ Kc6 53. Ke3
d4+ 54. Kxd4 Bxf4 55. Kd3 Be5 56. Kc2 Kb5 57. b3 f5 58. Be1 Bd6 59. b4 Kc4 60.
Bc3 e5 61. Be1 Bc7 62. Bf2 Bd6 63. Be3 f4 64. Bc1 Bc7 65. Kd2 Bb6 66. Ke2 Kd4
67. Kf3 Kd3 0-1